 Dungeon Crawl Stone Soup version 0.31.0-11-ge490571c62 (webtiles) character file.

Game seed: 512292413465307751

20 jagang the Trooper (level 2, -3/24 HPs)
             Began as a Demonspawn Fighter on Jan 29, 2024.
             Slain by Terence
             ... wielding a +0 mace
              (9 damage)
             ... on level 2 of the Dungeon.
             The game lasted 00:01:10 (1243 turns).

jagang the Trooper (Demonspawn Fighter)             Turns: 1243, Time: 00:01:11

Health: -3/24      AC:  6    Str: 16    XL:     2   Next: 58%
Magic:  2/2        EV:  8    Int:  8    God:
Gold:   33         SH:  4    Dex: 12    Spells: 1/1 levels left

rFire   . . .        a - +0 war axe
rCold   . . .        c - +0 buckler
rNeg    . . .        b - +0 scale mail
rPois   .            (helmet restricted)
rElec   .            (no cloak)
rCorr   .            (no gloves)
SInv    .            (no boots)
Will    .....        (no amulet) Stlth
                     (no ring)
HPRegen 0.24/turn    (no ring)
MPRegen 0.08/turn

%: no passive effects
@: no status effects
A: horns 1
a: no special abilities


You were on level 2 of the Dungeon.
You visited 1 branch of the dungeon, and saw 2 of its levels.

You collected 33 gold pieces.

Inventory:

Hand Weapons
 a - a +0 war axe (weapon)
Armour
 b - a +0 scale mail (worn)
 c - a +0 buckler (worn)
Jewellery
 i - a ring of wizardry
Scrolls
 f - a scroll of enchant weapon {unknown}
 g - a scroll of identify {unknown}
 h - a scroll of teleportation {unknown}
Potions
 d - a potion of might
 e - a potion of enlightenment {unknown}


   Skills:
 * Level 3.2 Fighting
 * Level 2.1 Axes
 * Level 3.0 Armour
 + Level 2.9 Shields


You had one spell level left.
You didn't know any spells.
Your spell library contained the following spells:

 Spells                   Type           Power      Damage    Failure   Level
 Ensorcelled Hibernation  Hex/Ice        0%         N/A       97%         2
 Fugue of the Fallen      Necr           0%         N/A       99%         3
 Anguish                  Hex/Necr       0%         N/A       100%        4


Dungeon Overview and Level Annotations

Branches:
Dungeon (2/15)

Altars:

Annotations:
D:2 Terence


Innate Abilities, Weirdness & Mutations

You have a pair of small horns on your head.


Message History

The frilled lizard is heavily wounded.
You block the frilled lizard's attack. The frilled lizard barely misses you.
You miss the frilled lizard.
The frilled lizard is heavily wounded.
The frilled lizard bites you but does no damage.
You closely miss the frilled lizard.
The frilled lizard is heavily wounded.
The frilled lizard barely misses you. The frilled lizard bites you.
You hit the frilled lizard.
You kill the frilled lizard!
No target in view!
HP restored.
You open the door.
Found a faded altar of an unknown god.
There is an open door here.
You now have 33 gold pieces (gained 10).
You open the door.
There is an open door here.
i - a ring of wizardry
There is a faded altar of an unknown god here.
This altar belongs to (a) Xom, (b) Fedhas or (c) Nemelex Xobeh, but you can't tell which.
Press the corresponding letter to learn more about a god, or press enter to convert or escape to cancel.
Okay, then.
You open the door.
There is an open door here.
You open the door.
There is an open door here.
As you open the door, it creaks loudly!
Terence the Incautious comes into view.
He is wielding a +0 mace.
Terence shouts!
Found a blue potion.
You barely miss Terence. Terence hits you with a +0 mace. x2
You barely miss Terence. Terence hits you with a +0 mace.
You closely miss Terence. Terence hits you but does no damage.
You hit Terence but do no damage. Terence hits you but does no damage.
Terence barely misses you.
You hit Terence but do no damage. Terence hits you with a +0 mace!
* * * LOW HITPOINT WARNING * * *
You closely miss Terence. Terence hits you with a +0 mace!
You die...
Terence says, "That felt goooood."

#!.... +.....
#..... #.... #...
#.. #@### #.@.#
#####'# #.....#
#.###8# #.#..P#
#.#.#.##
#.'P#.P##
######._.#####
#.##....##..#.'.#


You could see Terence.

Vanquished Creatures
  A dart slug (D:1)
  A ball python (D:2)
  A bat (D:1)
  2 endoplasms (D:1)
  3 goblins
  2 hobgoblins (D:1)
  3 frilled lizards
  A kobold (D:1)
  3 rats
17 creatures vanquished.

Notes
Turn   | Place    | Note
-------+----------+-------------------------------------------
     0 | D:1      | jagang the Demonspawn Fighter began the quest for the Orb.
     0 | D:1      | Reached XP level 1. HP: 18/18 MP: 1/1
   256 | D:1      | Gained mutation: You have a pair of small horns on your
                  | head. [demonic ancestry]
   256 | D:1      | Reached XP level 2. HP: 19/24 MP: 2/2
  1201 | D:2      | Found a faded altar of an unknown god.
  1237 | D:2      | Noticed Terence
  1243 | D:2      | Slain by Terence

Illustrated notes

Levels and vault maps discovered:
D:1:      roderic_octagonal_star, layout_basic, grunt_decor_fettered,
          minmay_misc_feat_secret_circle
D:2:      layout_loops_corners, shapermc_ecumenical_altar_ellora,
          dreamdust_princess_corridor, columned_hall_lemuel,
          hangedman_decor_growths, uniq_terence

Skill      XL: |  1  2 |
---------------+-------+-----
Axes           | 2 |  2.1
Armour         | 3 |  3.0
Fighting       | |  3.2
Shields        | |  2.9

Action                     || total
---------------------------++-------
  Melee: War axe           ||    48
         Headbutt          ||     2
 Armour: Scale mail        ||    30
  Dodge: Dodged            ||    15
  Block: Buckler           ||     6
